 Dungeon Crawl Stone Soup version 0.28-a0-384-g9e0c098162 (webtiles) character file.

Game seed: 13411151009315316460

46 rogsnak the Digger (level 3, -2/26 HPs)
             Began as a Barachi Earth Elementalist on Sept 2, 2021.
             Slain by Sigmund (11 damage)
             ... on level 3 of the Dungeon.
             The game lasted 00:04:55 (3097 turns).

rogsnak the Digger (Barachi Earth Elementalist)     Turns: 3097, Time: 00:04:55

Health: -2/26      AC:  2    Str:  9    XL:     3   Next: 68%
Magic:  5/6        EV: 12    Int: 16    God:
Gold:   76         SH:  0    Dex: 12    Spells: 3/7 levels left

rFire   . . .      SeeInvis .   e - +0 long sword
rCold   . . .      Faith    .   (no shield)
rNeg    . . .      Spirit   .   b - +0 robe
rPois   .          Reflect  .   (no helmet)
rElec   .          Harm     .   (no cloak)
rCorr   .          Rampage  .   (no gloves)
Will    .....                   (no boots)
Stlth   ++........              (no amulet)
HPRegen 0.08/turn               (no ring)
MPRegen 0.10/turn               (no ring)

@: slow
A: amphibious, slowness 1, strong legs 1, +LOS
a: Hop


You were on level 3 of the Dungeon.
You visited 1 branch of the dungeon, and saw 3 of its levels.

You collected 76 gold pieces.

Inventory:

Hand Weapons
 e - a +0 long sword (weapon)
Missiles
 a - 24 arrows
 c - 38 stones
Armour
 b - a +0 robe (worn)
Jewellery
 l - a ring of fire
Scrolls
 d - a scroll of enchant armour {unknown}
 f - 3 scrolls of identify {unknown}
 i - a scroll of vulnerability {unknown}
 j - a scroll of teleportation {unknown}
Potions
 g - a potion of curing {unknown}
 h - a potion of might {unknown}
 k - a potion of mutation {unknown}
 m - a potion of haste {unknown}
 n - a potion of brilliance {unknown}
 o - a potion of degeneration {unknown}


   Skills:
 - Level 1.0 Fighting
 + Level 3.0 Dodging
 - Level 2.0 Stealth
 + Level 2.5 Spellcasting
 * Level 0.7 Conjurations
 - Level 1.1 Transmutations
 + Level 3.4 Earth Magic


You had 3 spell levels left.
You knew the following spells:

 Your Spells              Type           Power      Damage    Failure   Level
a - Sandblast             Erth           26%        2d8       4%          1
b - Stone Arrow           Conj/Erth      16%        3d8       26%         3

Your spell library contained the following spells:

 Spells                   Type           Power      Damage    Failure   Level
 Passwall                 Tmut/Erth      7%         N/A       12%         2
 Petrify                  Tmut/Erth      9%         N/A       61%         4


Dungeon Overview and Level Annotations

Branches:
Dungeon (3/15)

Altars:

Annotations:
D:3 Sigmund


Innate Abilities, Weirdness & Mutations

You are amphibious.
You cover ground slowly.
You can hop short distances.
You have an extended range of vision and can be seen from far away.


Message History

The worm completely misses you.
You hit the worm.
The worm is heavily wounded.
The worm barely misses you.
You hit the worm.
The worm is almost dead.
You slash the worm!
You kill the worm!
No target in view!
Done exploring.
Done exploring.
(D) Dungeon
Where to? (? - help)
What level of the Dungeon? (default 1, ? - help)
There is a stone staircase leading down here.
You climb downwards.
Found a ring mail.
There is a stone staircase leading up here.
Sigmund the Dreaded comes into view.
He is wielding a +0 scythe.
Sigmund shouts!
You hear a shout!
There is a stone staircase leading up here.
Casting: Sandblast (safe; 4% risk of failure)
Confirm with . or Enter, or press ? or * to list all spells.
Aiming: Sandblast (safe; 4% risk of failure)
Press: ? - help, Shift-Dir - straight line, f - Sigmund
Aim: Sigmund, wielding a +0 scythe and wearing a +0 robe (77% to hit)
The blast of sand hits Sigmund!
Sigmund is moderately wounded.
Sigmund casts a spell at you.
You are confused.
You're too confused to cast spells.
Unknown command.
In your confused state, you trip and fall back down the stairs.
Sigmund hits you from afar with a +0 scythe.
In your confused state, you trip and fall back down the stairs.
Sigmund hits you from afar with a +0 scythe!
Unknown command.
You feel less confused.
Sigmund hits you from afar with a +0 scythe!
You die...

#.. #..
####.###
......#
#.....#
#.....#
#.[.@.#
#.....#######
#...@.......#
###########..


You could see Sigmund.

Vanquished Creatures
  An adder (D:2)
  2 worms (D:2)
  A dart slug (D:1)
  2 ball pythons (D:2)
  2 bats (D:1)
  3 endoplasms
  A giant cockroach (D:1)
  A hobgoblin (D:2)
  6 jackals (D:2)
  A kobold (D:2)
  A quokka (D:1)
  2 frilled lizards (D:2)
  5 rats
28 creatures vanquished.

Notes
Turn   | Place    | Note
-------+----------+-------------------------------------------
     0 | D:1      | rogsnak the Barachi Earth Elementalist began the quest for
                  | the Orb.
     0 | D:1      | Reached XP level 1. HP: 13/13 MP: 3/3
   331 | D:1      | Found a faded altar of an unknown god.
   693 | D:1      | Reached XP level 2. HP: 19/19 MP: 5/5
  2136 | D:2      | Reached XP level 3. HP: 25/25 MP: 6/6
  2140 | D:2      | Learned a level 3 spell: Stone Arrow
  2474 | D:2      | Reached skill level 1 in Fighting
  3087 | D:3      | Noticed Sigmund
  3097 | D:3      | Slain by Sigmund

Illustrated notes

Levels and vault maps discovered:
D:1:      wander_arrival_lonely_grave, layout_basic,
          hellmonk_ecumenical_altar_lost_god
D:2:      layout_basic
D:3:      layout_rooms, minivault_19, hangedman_decor_diamond_cutter,
          feat_on_display, uniq_natasha, uniq_jessica, uniq_sigmund

Skill      XL: |  1  2  3 |
---------------+----------+-----
Stealth        | 2 |  2.0
Fighting       | 1 |  1.0
Dodging        | 3 |  3.0
Spellcasting   | |  2.5
Conjurations   | |  0.7
Transmutations | |  1.1
Earth Magic    | |  3.4

Action                   || total
-------------------------++-------
Melee: Unarmed           ||    27
       Long sword        ||   129
 Cast: Sandblast         ||     6
 Stab: Sleeping          ||     2
Armor: Robe              ||    44
Dodge: Dodged            ||   139

Table legend: (Time is in decaauts)
 A = Elapsed time spent in this place.
 B = Non-inter-level travel time spent in this place.
 C = Inter-level travel time spent in this place.
 D = Time resting spent in this place.
 E = Time spent auto-exploring this place.
 F = Levels seen in this place.
 G = Mean time per level.
                   A        B        C        D        E       F      G
               +--------+--------+--------+--------+--------+-----+--------+
         Total |   3383 |   3337 |     46 |    854 |   1923 |   3 | 1127.7 |
       Dungeon |   3383 |   3337 |     46 |    854 |   1923 |   3 | 1127.7 |
               +--------+--------+--------+--------+--------+-----+--------+

Top non-repeatable levels by time:
     D:2: 1875 daAuts
     D:1: 1496 daAuts
     D:3: 11 daAuts
